Cogmind - Beta 13 @@@ ROGUE MODE // 2024.04.13 @ 20:19:15 Player: SovietPaperclip Result: Self-destructed Performance ------------- Evolutions (1) 500 Regions Visited (2) 400 Robots Destroyed (17) 85 Value Destroyed (489) 489 Prototype IDs (0) 0 Alien Tech Used (0) 0 Bonus (0) 0 TOTAL SCORE: 1474 Bonus ------- None Cogmind --------- Core Integrity 241/400 Matter 82/300 Energy 250/250 System Corruption 1% Temperature Cool (0) Movement Treading (320) Ox2 Location -9/Materials Parts ------- > --- POWER (1) -------- Ion Engine > --- PROPULSION (3) --- Light Treads Light Treads > --- UTILITY (3) ------ Huge Storage Unit > --- WEAPON (2) ------- Improved Light Cannon Improved Light Cannon > --- INVENTORY (25) --- Ion Engine High-capacity Matter Pod (0) Hacking Suite Improved Light Cannon Improved Light Cannon Improved Light Cannon Improved Light Cannon Improved Light Cannon Improved Light Cannon Peak State ------------ > --- POWER ------------ Ion Engine > --- PROPULSION ------- Light Treads Light Treads > --- UTILITY ---------- High-capacity Storage Unit > --- WEAPON ----------- Improved Light Cannon Improved Light Cannon > --- INVENTORY -------- Ion Engine Improved Light Cannon Improved Light Cannon Improved Light Cannon Improved Light Cannon Improved Light Cannon Improved Light Cannon [Rating: 9] Favorites ----------- Power Ion Engine Engine Ion Engine Propulsion Light Treads Treads Light Treads Utility High-capacity Storage Unit Storage High-capacity Storage Unit Weapon Improved Light Cannon Energy Gun Small Laser Ballistic Gun Light Assault Rifle Ballistic Cannon Improved Light Cannon Build | -11 -10 -9 ------- Run | Yrd Mat Mat Slots Evolved 2 | . . 2 Power . | . . . Propulsion 1 | . . 1 Utility 1 | . . 1 Weapon . | . . . Parts Attached 12 | 6 4 2 Power 2 | 1 . 1 Engine 2 | 1 . 1 Core . | . . . Reactor . | . . . Propulsion 2 | 2 . . Treads 2 | 2 . . Leg . | . . . Wheel . | . . . Hover . | . . . Flight . | . . . Utility 4 | 1 2 1 Device . | . . . Storage 4 | 1 2 1 Processor . | . . . Hackware . | . . . Protection . | . . . Artifact . | . . . Weapon 4 | 2 2 . Energy Gun 1 | 1 . . Energy Cannon . | . . . Ballistic Gun 1 | 1 . . Ballistic Cannon 2 | . 2 . Launcher . | . . . Special Weapon . | . . . Impact Weapon . | . . . Slashing Weapon . | . . . Piercing Weapon . | . . . Special Melee Weapon . | . . . Unidentified Prototypes . | . . . Parts Lost 1 | . . 1 Power 1 | . . 1 Propulsion . | . . . Utility . | . . . Weapon . | . . . Highest Loss Streak 1 | . . 1 To Critical Strikes . | . . . Average Slot Usage (%) 77 | . 85 64 Engine 12 | . 14 9 Treads 25 | . 28 22 Storage 12 | . 14 11 Energy Gun 4 | . 7 . Ballistic Gun 4 | . 7 . Ballistic Cannon 16 | . 13 22 Naked Turns . | . . . Heaviest Build 93 | 12 53 93 Greatest Support 40 | 40 40 40 Greatest Overweight (x) 2 | . 1 2 Average Overweight (x) . | . . 1 Largest Inventory Capacity 25 | 8 20 25 Average Capacity 18 | 7 16 23 Most Carried 10 | 5 9 10 Average Carried 5 | 1 4 8 Final Capacity 25 | 8 20 25 Final Carried 9 | 1 8 9 Class Distribution -------------------- 100% | Mutant Dominant Class ---------------- Mutant | -10/Materials Mutant | -9/Materials Resources | -11 -10 -9 ----------- Run | Yrd Mat Mat Matter Collected 427 | 244 71 112 Remotely . | . . . Salvage Created 322 | . 194 128 Parts 21 | . 16 5 Haulers Intercepted . | . . . Recyclers Shooed . | . . . Parts Field Recycled . | . . . Retrieved Matter . | . . . Parts Self-Destructed . | . . . Prevented . | . . . Kills | -11 -10 -9 ------- Run | Yrd Mat Mat Combat Hostiles Destroyed 14 | . 8 6 Guns 4 | . 4 . Cannons 10 | . 4 6 Classes Destroyed 5 | . 4 1 Builder 1 | . 1 . Operator 2 | . 2 . Swarmer 3 | . 3 . Grunt 9 | . 5 4 Sentry 2 | . . 2 Best Kill Streak 3 | . 3 3 Combat Bots Only 3 | . 3 3 Max Kills in Single Turn 1 | . 1 1 Gunslinging . | . . . Exploded . | . . . Melee . | . . . Uniques/NPCs Destroyed . | . . . Combat | -11 -10 -9 -------- Run | Yrd Mat Mat Hostile Shots Fired 61 | . 31 30 Missed 15 | . 5 10 Damage Taken 519 | . 278 241 Core 209 | . 50 159 Absorbed by Shields . | . . . Core Remaining (%) 90 | 100 80 . Volleys Fired 50 | . 34 16 Largest 2 | . 2 2 Hottest 78 | . 78 78 Shots Fired 100 | . 68 32 Gun 20 | . 20 . Cannon 80 | . 48 32 Launcher . | . . . Special . | . . . Kinetic 90 | . 58 32 Thermal 10 | . 10 . Explosive . | . . . Electromagnetic . | . . . Robot Hit Streak 9 | . 9 7 Robot Miss Streak 5 | . 5 1 Penetration Max . | . . . Secondary Targets 2 | . 2 . Max Gunslinging Chain 1 | . 1 . Shots Hit Robots 62 | . 38 24 Core Hits 19 | . 12 7 Critical Kills . | . . . Critical Parts Destroyed . | . . . Critical Strikes 3 | . 2 1 Blast 3 | . 2 1 Melee Attacks . | . . . Impact . | . . . Slashing . | . . . Piercing . | . . . Sneak Attacks . | . . . Combat Hostiles . | . . . Follow-up Attacks . | . . . Damage Inflicted 1170 | . 665 505 Guns 120 | . 120 . Cannons 1050 | . 545 505 Explosions . | . . . Melee . | . . . Ramming . | . . . Kinetic 1084 | . 579 505 Thermal 86 | . 86 . Explosive . | . . . Electromagnetic . | . . . Impact . | . . . Slashing . | . . . Piercing . | . . . Highest Corruption 1 | . . 1 Average Corruption 1 | . . 1 Corruption Purged . | . . . Corruption Blocked . | . . . Effects 1 | . . 1 Alerts 1 | . . 1 Overload Shots . | . . . Overflow Damage 29 | . 29 . Projectiles 29 | . 29 . Explosions . | . . . Melee . | . . . Knockbacks 14 | . 7 7 Impact . | . . . Kinetic 14 | . 7 7 Secondary . | . . . Self-Inflicted Damage . | . . . Shots . | . . . Rammed . | . . . Targets Rammed . | . . . Kicked . | . . . Crushed . | . . . Highest Temperature 189 | . 189 63 Average Temperature 43 | . 49 29 Received Heat Transfer 195 | . 114 81 Siege Activations . | . . . Robots Corrupted . | . . . Combat Hostiles . | . . . Parts Fried . | . . . Impact Corruptions . | . . . Robots Melted . | . . . Combat Hostiles . | . . . Parts Melted . | . . . Heat Transferred 200 | . 200 . Parts Sabotaged . | . . . Parts Stolen . | . . . Parts Stripped . | . . . Power Chain Reactions . | . . . Alert | -11 -10 -9 ------- Run | Yrd Mat Mat Peak Influence 257 | . 142 257 Initial 59 | . . 59 Average 98 | . 65 165 Maximum Alert Level 1 | . . 1 Low Security (%) 89 | 100 100 71 Level 1 10 | . . 28 Level 2 . | . . . Level 3 . | . . . Level 4 . | . . . Level 5 . | . . . High Security . | . . . Max Security . | . . . Squads Dispatched 5 | . 4 1 Investigation 2 | . 1 1 Extermination . | . . . Reinforcement 3 | . 3 . Assault . | . . . Garrison . | . . . Intercept . | . . . Searches Triggered . | . . . Construction Impeded . | . . . Haulers Reinforced . | . . . Active Scanning Responses . | . . . Cargo Convoy Interrupts . | . . . Stealth | -11 -10 -9 --------- Run | Yrd Mat Mat Distress Signals 1 | . 1 . Communications Jammed . | . . . Distress Signals . | . . . Times Spotted 26 | . 15 11 Peak Tracking Total 5 | . 4 5 Tactical Retreats 2 | . 1 1 Traps | -11 -10 -9 ------- Run | Yrd Mat Mat Traps Triggered 1 | . 1 . Indirectly . | . . . Trap Hack Attempts . | . . . Triggered . | . . . Disarmed . | . . . Reprogrammed . | . . . Reused . | . . . Traps Extracted . | . . . Installed . | . . . Triggered . | . . . Machines | -11 -10 -9 ---------- Run | Yrd Mat Mat Machines Disabled . | . . . Max in Single Turn . | . . . Machines Repaired . | . . . Machines Dismantled . | . . . Machines Sabotaged . | . . . Overloaded Fab Kills . | . . . Hacking | -11 -10 -9 --------- Run | Yrd Mat Mat Machines Accessed 2 | . . 2 Terminals 2 | . . 2 Fabricators . | . . . Repair Stations . | . . . Recycling Units . | . . . Scanalyzers . | . . . Garrison Access . | . . . Total Hacks 7 | . . 7 Successful . | . . . Failed 7 | . . 7 Catastrophic 2 | . . 2 Database Lockouts . | . . . Manual 7 | . . 7 Terminals 7 | . . 7 Fabricators . | . . . Repair Stations . | . . . Recycling Units . | . . . Scanalyzers . | . . . Garrison Access . | . . . Terminal Hacks . | . . . Fabricator Hacks . | . . . Repair Station Hacks . | . . . Recycling Unit Hacks . | . . . Scanalyzer . | . . . Garrison Access Hacks . | . . . Unauthorized Hacks . | . . . Terminals . | . . . Fabricators . | . . . Repair Stations . | . . . Recycling Units . | . . . Scanalyzers . | . . . Garrison Access . | . . . Data Cores Recovered . | . . . Used . | . . . Hacking Detections 2 | . . 2 Full Trace Events 2 | . . 2 Feedback Events 1 | . . 1 Corruption 1 | . . 1 Feedback Blocked . | . . . Robot Schematics Acquired . | . . . Robots Built . | . . . Authchips . | . . . Time . | . . . Total Robot Build Rating . | . . . Part Schematics Acquired . | . . . Parts Built . | . . . Authchips . | . . . Time . | . . . Total Part Build Rating . | . . . Parts Repaired . | . . . Time . | . . . Parts Recycled . | . . . Recycled Matter . | . . . Retrieved Matter . | . . . Retrieved Components . | . . . Parts Scanalyzed . | . . . Part Schematics Acquired . | . . . Parts Damaged . | . . . Bothacking | -11 -10 -9 ------------ Run | Yrd Mat Mat Used RIF Installer . | . . . Robots Hacked . | . . . Non-combat . | . . . Combat . | . . . Robot Hacks Applied . | . . . Relay Couplers Released . | . . . Fabnet Peak Effective % . | . . . Robots Rewired . | . . . Allies Hacked . | . . . Hacks Repelled . | . . . Allies | -11 -10 -9 -------- Run | Yrd Mat Mat Total Allies . | . . . Largest Group . | . . . Highest-Rated Group . | . . . Highest-Rated Ally . | . . . Total Orders . | . . . Ally Attacks . | . . . Total Damage . | . . . Kills . | . . . Allies Corrupted . | . . . Allies Melted . | . . . Intel | -11 -10 -9 ------- Run | Yrd Mat Mat Robot Analysis Total . | . . . Derelict Logs Recovered . | . . . Drone Launches . | . . . Drone Recoveries . | . . . Exploration | -11 -10 -9 ------------- Run | Yrd Mat Mat Turns Passed 1103 | 62 633 408 Spaces Moved 404 | 46 249 109 Core 20 | 20 . . Treads 384 | 26 249 109 Legs . | . . . Wheels . | . . . Hover . | . . . Flight . | . . . Fastest Speed 50 | 50 160 240 Average Speed 222 | 112 205 307 Slowest Speed 320 | 160 240 320 Overloaded Moves . | . . . Propulsion Burnouts . | . . . Robots Hopped . | . . . Cave-ins Triggered . | . . . Exploration Rate (%) 28 | 5 65 15 Regions Visited 2 Branch Regions . Pre-discovered Areas . | . . . Known Exits Taken . | . . . Unknown Exits Taken 2 | 1 1 . Scrap Searched . | . . . Spaces Dug . | . . . Terrain Destroyed 1 | . 1 . Melee . | . . . Projectile 1 | . 1 . AOE . | . . . Terrain Rammed . | . . . Walls Destroyed . | . . . Machines Disabled . | . . . Actions | -11 -10 -9 --------- Run | Yrd Mat Mat Total 512 | 56 307 149 Wait 24 | . 6 18 Move 402 | 45 248 109 Hop . | . . . Pick Up 19 | 5 11 3 Fast Attach 2 | 2 . . Attach 9 | 4 4 1 Detach . | . . . Swap 1 | . . 1 Drop 5 | . 4 1 Fire 50 | . 34 16 Melee . | . . . Ram . | . . . Kick . | . . . Crush . | . . . Escape Stasis . | . . . Rewire . | . . . Trap . | . . . Miscellaneous . | . . . Route ------- -11/Scrapyard -10/Materials (discovered 3 exits: *Mat x2 / [*Min]) -9/Materials History --------- Turn | Location | Event 27 | -11/Scrapyard | Discovered new exit (range 14) 63 | -11/Scrapyard | Entered Materials 191 | -10/Materials | Discovered new exit (range 15) 276 | -10/Materials | Discovered new exit (range 12) 308 | -10/Materials | Build established: Mutant 583 | -10/Materials | Discovered new exit (range 15) 696 | -10/Materials | Entered another Materials area 696 | -9/Materials | Evolved 2 slots: Propulsion x1, Utility x1 1104 | -9/Materials | Self-destructed Last Messages --------------- 00980_ Y-45 Defender Heat Sink blasted off. 00980_ Y-45 Defender destroyed. 00984_ R-06 Scavenger collects Heat Sink. 00986_ Acquired 42 matter. 00987_ R-06 Scavenger collects Heat Sink. 00992_ R-06 Scavenger collects Lgt. Treads. 00999_ Connecting with Terminal... Feedback: System corruption (+1%). 00999_ ALERT: Suspicious activity at Terminal M008. Dispatching Investigation squad. 01047_ System corrupted: IFF burst signal emitted. 01050_ G-34 Mercenary knocked back. 01053_ G-34 Mercenary destroyed. 01055_ U-05 Engineer builds a Door. 01056_ G-34 Mercenary knocked back. 01062_ G-34 Mercenary destroyed. 01069_ R-06 Scavenger collects Sml. Laser. 01073_ R-06 Scavenger collects Heat Sink. 01100_ Acquired 9 matter. Map ----- +----------------------------------------------------+ | ?????????????????????????????????????????????????? | | ?????????????????????????????????????????????????? | | ?????????????????????????????????????????????????? | | ?????????????????????????????????????????????????? | | ?????????????????????????????????????????????????? | | ?????????????????????????????????????????????????? | | ?????????????????????????????????????????????????? | | ?????????????????????????????????????????????????? | | ?????????????????????????????????????????????????? | | ?????????????????????????????????????????????????? | | ??????????????????????? w???????????????????????? | | ??????????????????????# ???????????????????????? | | ??????????????????????# r #??????????????????????? | | ??????????????????????# #??????????????????????? | | ??????????#######?????# #??????????????????????? | | ??????????# ?????# #??????????????????????? | | ??????????# ?????# #??????????????????????? | | ??????????# ?????#s #??????????????????????? | | ??????????# #????# #??????????????????????? | | ??????????# #????# s #???###????????????????? | | ??????????# #????#s #?? #????????????????? | | ??????????# #????# #?? #????????????????? | | ??????????# #????# s #? #????????????????? | | ??????????# #????# %#?""" #????????????????? | | ??????????# ###### # """ #????????????????? | | ??????????# # %% @# """ #????????????????? | | ?########## # + #????????????????? | | ?# T # + # """ #????????????????? | | ?# ######## ##+### """ #????????????????? | | ?# # % ## # #??""" #????????????????? | | ?# # # #?? #????????????????? | | ?#[! + # #??? #????????????????? | | ?#[! """ # # #???####????????????????? | | ?#[! """ # ###### #???????????????????????? | | ?# """ ## ##????# #???????????????????????? | | ?# ## #?????# #???????????????????????? | | ?# ######### #?????#####???????????????????????? | | ?##????????# ###########???????????????????????? | | ???????????# ########????????????????? | | ???????????# # #????????????????? | | ??########## #[ """ #????????????????? | | ??# !!! # # """ #????????????????? | | ??# !!! # """ """ # """ #????????????????? | | ??# !! # """"""""" # #????????????????? | | ??# # """"" " # """ #????????????????? | | ??# + + """ #????????????????? | | ??# """ %#% # """ #????????????????? | | ??# """ %# ##+######## #????????????????? | | ??# """ #% # ## """ #????????????????? | | ??# # %# " ## """ #????????????????? | +----------------------------------------------------+ Best States ------------- Heat Dissipation 28 Energy Generation 10 Energy Capacity 250 Matter Stores 300 Matter Capacity 300 Sight Range 16 Terrain Scan Density 10 Evasion (%) 50 Recoil Reduction 2 Item Schematics ----------------- None Robot Schematics ------------------ None Fabricated ------------ Nothing Alien Tech Used ----------------- None Achievements -------------- None Challenges ------------ None Game ------ Seed UtilityColdMeganuke Manual? 0 Play Time 00:07:43 Cumulative 86.3 hours Start 2024.04.13 @ 20:12:36 End 2024.04.13 @ 20:19:15 Sessions 1 Manual Loads 0 Difficulty Rogue Special Mode None Game No. 101 Rogue 101 Adventurer 0 Explorer 0 Win Type - Total 1 Types 1/0/0/0/0/0/0/0/0 Lore% 42 Gallery% 47 Achievement% 44 Wizard Run 0 Options --------- Layout 1 ASCII 0 Keyboard 0 Movement Mouse Keybinds 0 Fullscreen 2 Font 32/Smallcaps Map View 50x40 Zoom Use 0% Tactical HUD 1 Map Filters NONE Filters NONE Steam 1 RUN: f25425ce-2a04-4f20-9665-4618463d7b9b